Croesus, chaotic female elven Ranger ------------------------------------------------------------------- ........|...............|................`..............|...........| .-----.---...|.|.-----.---.---.|.---@-------.---%-----.|%|.---.|.......|...| .....|...|...|...|...|.|...|...|>..|D|.......|^.%%%....|.|...|.|.......|...| .---.|...---------.|.|.|.---.|.---.|.|.-------.-----.---.|--.|.|.......|.--| ...|.|.........|...|.|.|%...`|.....|.|.|........../|.%%.%|...|.|.......|...| .|.|.---...---.|.|.|.|.....|.|.----|.|.|.---.-----|---.---.--|.|.....|.---.| |.|.......{.......|.|.......|.|.....|...|.|.......|%.(%%|.....|.......|...|.| |.-----.......----|.|%......|.---.|.|...|.|.---.|.|%.%..|.---.|------.|--.|.| |.............|...|.%..`....|...|.|.......|.....|.|..%.%|.|...|.....|.|...|.| |-------......|.|.|.--.....----.|.--......|.|.--|.|.....|.|.---.---.|.|.|.|.| |.............|.|...|...........|....<......|...|.|.......|.....|....%|.|...| |.|.---.......|.|---|.....|.-------.......-----.|.-------.|------.-----.|--.| |.|...|.........|...|.....|...|...|.............|.....|...|.)..%........|...| |.---.|..`....---.|.---.|.|.|.|.|.|..`...------.|--.|)|[---.-------------...| |...|.|.......|...|.....|...|...|.|.........|...|...|...|.............|.....| |...|.|.......|...---.-----------.|.......|.|.---.-----.|%-----------.|.---.| |.....|*.....%%...................|.......|.[...............%.....%...|... -------------------------------------------------------------------------- Croesus the Arbalester Experience level: 18 Strength: 18 Dexterity: 15 Constitution: 16 Intelligence: 14 Wisdom: 19 Charisma: 13 Health: 0(169) Energy: 150(150) Def: 27 Gold: 1829 Moves: 79657 Dungeon seed: 8I_9p6PNQC1HLYVN Game ID: Croesus_1604933499 Your Inventory: Weapons d - the uncursed rustproof +5 Stormbringer (weapon in hand) e - the blessed burnt +4 Longbow of Diana (alternate weapon; not wielded) l - a blessed corroded +0 arrow of lightning y - 18 blessed +0 arrows of lightning (in quiver) B - 2 uncursed +2 elven arrows of fire Q - a blessed +0 thirsty arrow S - 14 blessed +0 arrows (in quiver) U - 3 uncursed poisoned +0 orcish arrows (in quiver) Armor j - an uncursed +0 orcish helm of clairvoyance (being worn) n - a blessed fireproof +2 pair of leather gloves of displacement (being worn) E - an uncursed +0 dwarvish mithril-coat (being worn) K - a blessed fireproof +2 cloak of protection (being worn) P - an uncursed thoroughly burnt +0 pair of low boots of warning (being worn) Y - an uncursed +0 shield of reflection (being worn) Comestibles m - an uncursed female lizard corpse Potions W - an uncursed potion of extra healing Rings A - an uncursed ring of teleport control C - an uncursed ring of conflict (on right hand) D - an uncursed ring of slow digestion (on left hand) F - an uncursed ring of free action J - an uncursed ring of protection from shape changers L - an uncursed ring of levitation M - an uncursed ring of shock immunity X - an uncursed ring of sustain ability Wands a - an uncursed wand of magic missile (0:5) h - an uncursed wand of striking (0:4) i - an uncursed wand of undead turning (0:4) q - an uncursed wand of cancellation (0:5) t - an uncursed wand of teleportation (0:5) x - an uncursed wand of sleep (0:7) z - an uncursed wand of sleep (0:0) H - an uncursed wand of slow monster (0:3) N - an uncursed wand of light (0:7) O - an uncursed wand of lightning (0:5) R - an uncursed wand of fire (0:2) Tools b - a blessed bag of holding k - an uncursed skeleton key s - an uncursed stethoscope u - an uncursed +0 unicorn horn v - a blessed tinning kit (0:6) w - a blessed magic whistle G - the uncursed Bell of Opening (0:3) T - an uncursed blindfold V - an uncursed pair of lenses Gems g - a blessed luckstone r - a blessed touchstone Coins $ - 1829 gold pieces Contents of the bag of holding: an uncursed amulet of reflection the uncursed rustproof +2 Frost Brand an uncursed +3 arrow a blessed +2 arrow 5 blessed +1 arrows 11 uncursed +1 arrows an uncursed +0 arrow of detonation 3 uncursed +0 arrows of frost 23 blessed +0 arrows of lightning 50 blessed +2 elven arrows 9 uncursed +1 elven arrows an uncursed +0 silver dagger an uncursed +0 Hawaiian shirt an uncursed +0 alchemy smock an uncursed +0 mummy wrapping of clairvoyance an uncursed +0 mummy wrapping of shock immunity a blessed fireproof +2 pair of gauntlets of dexterity an uncursed +0 set of red dragon scales an uncursed female lizard corpse an uncursed food ration 4 uncursed lumps of royal jelly 3 uncursed male lizard corpses 3 uncursed mangos 3 uncursed sprigs of wolfsbane a blessed tin of female blue dragon meat a blessed tin of female orange dragon meat a blessed tin of female red dragon meat a blessed tin of female red naga meat a blessed tin of female silver dragon meat 2 uncursed tins of male Mordor orc meat a blessed tin of male black dragon meat an uncursed tin of male ice troll meat a blessed tin of male quantum mechanic meat a blessed tin of male stone giant meat an uncursed tin of male stone giant meat 2 blessed tins of male white dragon meat an uncursed tin of spinach 4 uncursed tripe rations an uncursed scroll of amnesia a blessed scroll of earth an uncursed scroll of earth an uncursed scroll of enchant weapon 3 uncursed scrolls of fire a blessed scroll of genocide an uncursed scroll of genocide 4 uncursed scrolls of remove curse a cursed scroll of summoning 3 blessed scrolls of taming 6 blessed scrolls of teleportation 6 uncursed scrolls of teleportation a cursed scroll of teleportation 3 uncursed potions of extra healing 3 uncursed potions of full healing an uncursed potion of healing 5 potions of holy water a cursed potion of invisibility a cursed potion of levitation a blessed potion of object detection a blessed potion of paralysis a blessed potion of speed a blessed +3 ring of adornment an uncursed ring of conflict an uncursed ring of hunger an uncursed +3 ring of increase accuracy an uncursed +2 ring of increase damage an uncursed ring of invisibility a cursed ring of invisibility an uncursed ring of levitation an uncursed ring of polymorph an uncursed ring of polymorph control a blessed +1 ring of searching an uncursed ring of warning an uncursed wand of death (0:6) an uncursed wand of death (0:2) an uncursed wand of digging (0:5) an uncursed wand of digging (0:5) an uncursed wand of digging (0:4) an uncursed wand of digging (0:3) an uncursed wand of digging (0:2) an uncursed wand of fire (0:8) an uncursed wand of fire (0:7) an uncursed wand of fire (0:7) a cursed wand of fire (0:3) an uncursed wand of light (0:10) an uncursed wand of lightning (0:6) an uncursed wand of lightning (0:5) an uncursed wand of lightning (0:4) an uncursed wand of magic missile (0:5) a blessed wand of polymorph (0:6) an uncursed wand of polymorph (0:4) an uncursed wand of polymorph (0:3) an uncursed wand of sleep (0:6) an uncursed wand of sleep (0:5) an uncursed wand of sleep (0:3) an uncursed wand of summoning (0:5) an uncursed wand of summoning (0:4) an uncursed wand of summoning (0:4) an uncursed wand of teleportation (0:6) an uncursed wand of undead turning (0:5) an uncursed lock pick an uncursed +0 pick-axe of stealth a cursed +0 unicorn horn an uncursed wooden flute 8 uncursed amethyst stones 6 uncursed diamonds an uncursed dilithium crystal 7 uncursed emeralds 2 uncursed garnet stones an uncursed jade stone an uncursed jasper stone an uncursed jet stone 2 uncursed luckstones a cursed luckstone an uncursed obsidian stone 7 uncursed opals 6 uncursed rubies 1824 gold pieces Spells and supernatural/magical abilities: Spells marked with '*' are forgotten. Name Level Category Cost Memory a - force bolt 1 attack 1000pw 30% d - dig 2 matter 2000pw 57% h - healing 1 healing 1000pw 25% i - invisibility 4 escape 4000pw 87% j - jumping 1* escape 1000pw 0% k - knock 1* matter 1000pw 0% l - light 1 divination 1000pw 42% m - magic missile 2 attack 2000pw 75% n - detect monsters 1 divination 1000pw 75% o - cone of cold 4 attack 4000pw 86% p - protection 1 clerical 1000pw 30% s - slow monster 2 enchantment 2000pw 58% u - confuse monster 2 enchantment 2000pw 30% w - wizard lock 2 matter 2000pw 76% x - extra healing 3 healing 3000pw 88% A - create familiar 3* clerical 3000pw 0% D - drain life 2 attack 2000pw 37% I - identify 2 divination 2000pw 72% K - cure sickness 3* healing 3000pw 0% L - levitation 4 escape 4000pw 9% O - summoning 2 clerical 2000pw 30% R - restore ability 4 healing 4000pw 33% T - turn undead 6 clerical 6000pw 78% U - detect unseen 3 divination 3000pw 38% W - pray for help -- divine ? -- Your skills at the end: Fighting Skills wands [Skilled] Weapon Skills dagger [Basic] pick-axe [Basic] broadsword [Basic] spear [Skilled] bow [Expert] Spellcasting Skills divination spells [Basic] Final Attributes: You were piously aligned. You were fire resistant. You were cold resistant. You were immune to sleep. You were disintegration-resistant. You were shock resistant. You were poison resistant. You were level-drain resistant. You saw invisible. You were strongly telepathic. You were warned. You had automatic searching. You were clairvoyant. You had infravision. You were invisible. You were displaced. You were stealthy. You were conflicting. You had slower digestion. You were protected. You were fast. You had reflection. You were extremely lucky. You had extra luck. Good luck did not time out for you. You got a gift from your god 1608 turns ago. Mars was pleased with you. You are dead. Vanquished creatures: Medusa Croesus a titan 3 purple worms a gray dragon a silver dragon a shimmering dragon 3 red dragons 2 white dragons 2 orange dragons 2 black dragons 2 blue dragons a green dragon 5 minotaurs Scorpius a baluchitherium 6 stone golems 10 Olog-hai a Nazgul 6 titanotheres 3 trappers a baby blue dragon 2 guardian nagas a vampire lord 6 captains 2 nurses 3 lurkers above 3 Aleaxes 2 frost giants an ettin 2 black puddings 2 vampires 2 ghosts 6 lieutenants 2 queen bees 4 winged gargoyles 2 mind flayers 7 giant mimics 5 zruties 3 fire giants 3 ice trolls 9 rock trolls 2 umber hulks a flesh golem an Elvenking a doppelganger 4 large mimics 2 wumpuses 6 long worms 6 couatls 6 stalkers 2 air elementals 2 fire elementals 2 earth elementals 3 hill giants a giant mummy 4 black nagas a xorn 3 giant zombies 17 sergeants 15 wargs 4 winter wolves 9 small mimics 3 warhorses 2 xans 4 ettin mummies 5 quantum mechanics 22 trolls 6 sasquatches 3 wood golems 6 electric eels 5 gelatinous cubes 4 pyrolisks 6 large dogs 9 freezing spheres 7 flaming spheres 5 shocking spheres a large cat 6 tigers 8 gargoyles 3 dwarf kings 10 tengu 5 ochre jellies 4 leocrottas 2 energy vortices 28 mountain centaurs 19 stone giants 2 elf mummies a human mummy 2 red nagas 3 pit vipers 6 pythons 5 cobras 4 wraiths 3 carnivorous apes 4 ettin zombies 4 leather golems a Grey-elf 105 soldiers 3 incubi 9 chameleons 4 crocodiles 8 giant beetles 6 quivering blobs 13 cockatrices 11 wolves 11 winter wolf cubs 2 lynxes 4 panthers 11 gremlins 3 spotted jellies 12 leprechauns 7 orc-captains 6 iron piercers 3 mumakil 12 giant spiders 47 scorpions 7 horses 2 ice vortices 7 black lights 7 vampire bats 77 forest centaurs 14 gnome kings 5 orc mummies 4 dwarf mummies 4 brown puddings 12 owlbears 8 yetis 4 gold golems 2 werewolves 6 Green-elves 4 giant eels 16 lizards 8 hunters 6 chickatrices 2 dogs 2 dingos 4 housecats 5 jaguars 8 dwarf lords 5 blue jellies 9 white unicorns 4 gray unicorns 8 dust vortices 9 ravens 16 plains centaurs 4 gnome mummies 8 snakes 18 apes 6 human zombies 4 rope golems 4 soldier ants 25 fire ants 26 bugbears 2 imps 4 quasits 7 wood nymphs 9 water nymphs 9 mountain nymphs 12 Mordor orcs 11 Uruk-hai 12 orc shamans 14 rock piercers 7 rock moles 7 ponies 8 fog clouds 9 yellow lights 5 shriekers 4 violet fungi 27 gnome lords 15 gnomish wizards 6 kobold mummies a red naga hatchling 2 black naga hatchlings 4 golden naga hatchlings 2 guardian naga hatchlings 6 gray oozes 2 barrow wights 8 elf zombies 5 ghouls 3 straw golems 5 paper golems 3 jellyfish 2 baby crocodiles 45 giant ants 7 little dogs 16 floating eyes a kitten 33 dwarves 3 homunculi 5 kobold lords 6 kobold shamans 5 hill orcs 17 rothes 9 centipedes 13 giant bats 4 monkeys 18 orc zombies 6 dwarf zombies 6 wererats 5 werejackals 14 iguanas 61 killer bees 13 acid blobs 19 coyotes 5 gas spores 15 hobbits 30 manes 5 large kobolds 27 hobgoblins 10 giant rats 7 cave spiders 11 yellow molds a green mold 3 red molds 82 gnomes 22 garter snakes 6 gnome zombies 18 geckos 32 jackals 5 foxes 6 kobolds 11 goblins 9 sewer rats 13 grid bugs 17 bats 15 lichens 5 kobold zombies 11 newts 1942 creatures vanquished. Genocided species: liches demiliches master liches arch-liches rust monsters disenchanters 6 species genocided. Voluntary challenges: You used a wielded weapon 2172 times, starting on turn 5195. You had been a pacifist until turn 3464. You read items or engraved 233 times, starting on turn 2800. You genocided 6 types of monsters, starting on turn 41361. You never polymorphed an object. You changed form 1 time, starting on turn 55543. You used no wishes. You never split a pudding. You wrote Elbereth's name 11 times, starting on turn 2801. You violated your moral code, losing 1535 points of alignment, starting on turn 11946. Dungeon overview: The Dungeons of Doom: levels 1 to 28 Level 1 a fountain a long staircase Level 2 a scroll shop stairs to The Gnomish Mines Level 3 an armor shop Level 4 an altar to Mercury Level 5 a jewelry store, a fountain, a vault Level 6 many fountains Level 7 a delicatessen, a fountain, a vault stairs to Sokoban Level 8 some fountains, a sink Level 9 a temple to Mars, a fountain, a vault Level 10 an altar to Mars, some fountains Level 11 some fountains, a vault portal to Fort Ludios Level 12 a throne portal to The Quest Level 13 a fountain, a vault Level 14 Level 15 Level 16 a vault Level 17 Level 18 a vault Level 19 a temple to Mars, a fountain Level 20 Level 21 a fountain, a vault Level 22 a fountain Level 23 an altar to Mars, a fountain Level 24 some fountains, a sink, a vault Level 25 Level 26 a temple to Mars Level 27 <- You were here a fountain, a throne Level 28 a fountain The Gnomish Mines: levels 3 to 11 Level 3 stairs to The Dungeons of Doom Level 4 Level 5 many shops, a temple to Mercury, some fountains Level 6 Level 7 Level 8 Level 9 Level 10 Level 11 a fountain The Quest: levels 1 to 6 Level 1 many trees portal to The Dungeons of Doom Level 2 many trees Level 3 Level 4 Level 5 Level 6 an altar to Mercury, many trees Sokoban: levels 3 to 6 Level 3 Solved Level 4 Solved Level 5 Solved Level 6 Solved stairs to The Dungeons of Doom Fort Ludios: Level 1 portal to The Dungeons of Doom History has recorded: On T:1 you entered the Dungeons of Doom to retrieve the Amulet of Yendor! On T:25 you reached level 2 of The Dungeons of Doom. On T:582 you reached level 3 of The Dungeons of Doom. On T:718 you reached level 1 of The Gnomish Mines. On T:1004 you reached level 4 of The Dungeons of Doom. On T:1743 you reached level 5 of The Dungeons of Doom. On T:2072 you reached level 6 of The Dungeons of Doom. On T:2643 you reached level 7 of The Dungeons of Doom. On T:3146 you reached level 8 of The Dungeons of Doom. On T:3394 you reached level 4 of Sokoban. On T:3583 you advanced to experience level 2. On T:3730 you advanced to experience level 3. On T:4212 you reached level 3 of Sokoban. On T:5140 you reached level 2 of Sokoban. On T:5195 you advanced to experience level 4. On T:5890 you reached level 1 of Sokoban. On T:5922 you advanced to experience level 5. On T:6967 you advanced to experience level 6. On T:7371 you reached level 9 of The Dungeons of Doom. On T:7833 you reached level 10 of The Dungeons of Doom. On T:8273 you reached level 11 of The Dungeons of Doom. On T:8362 you advanced to experience level 7. On T:8561 you reached level 12 of The Dungeons of Doom. On T:10064 you advanced to experience level 8. On T:10439 you reached level 13 of The Dungeons of Doom. On T:10450 you reached level 15 of The Dungeons of Doom. On T:10458 you reached level 14 of The Dungeons of Doom. On T:10839 you advanced to experience level 9. On T:13556 you advanced to experience level 10. On T:17105 you reached level 2 of The Gnomish Mines. On T:17327 you reached level 3 of The Gnomish Mines. On T:18151 you reached level 4 of The Gnomish Mines. On T:20554 you reached level 5 of The Gnomish Mines. On T:20559 you reached level 7 of The Gnomish Mines. On T:20584 you reached level 8 of The Gnomish Mines. On T:20834 you reached level 6 of The Gnomish Mines. On T:24527 you reached level 9 of The Gnomish Mines. On T:26936 you advanced to experience level 11. On T:33564 you reached level 1 of The Quest. On T:34323 you embarked upon an epic quest. On T:34850 you reached level 2 of The Quest. On T:35732 you reached level 4 of The Quest. On T:35767 you reached level 5 of The Quest. On T:36225 you advanced to experience level 12. On T:36742 you reached level 3 of The Quest. On T:38823 you reached level 6 of The Quest. On T:39648 you killed Scorpius on level 6 of The Quest. On T:40791 you advanced to experience level 13. On T:41063 you completed the quest! On T:41361 you genocided class 'L'. On T:41796 you genocided class 'R'. On T:43049 you reached level 16 of The Dungeons of Doom. On T:43362 you reached level 17 of The Dungeons of Doom. On T:47516 you reached level 18 of The Dungeons of Doom. On T:47898 you reached level 19 of The Dungeons of Doom. On T:53186 you reached level 20 of The Dungeons of Doom. On T:56294 you reached level 23 of The Dungeons of Doom. On T:56401 you reached level 24 of The Dungeons of Doom. On T:57075 you reached level 22 of The Dungeons of Doom. On T:57154 you reached level 21 of The Dungeons of Doom. On T:57401 you received Stormbringer from Mars. On T:64108 you advanced to experience level 14. On T:66095 you reached level 25 of The Dungeons of Doom. On T:67589 you reached level 26 of The Dungeons of Doom. On T:67591 you killed Medusa on level 26 of The Dungeons of Doom. On T:67591 you advanced to experience level 15. On T:70943 you reached Fort Ludios. On T:72052 you advanced to experience level 16. On T:72692 you advanced to experience level 17. On T:72812 you killed Croesus in Fort Ludios. On T:78049 you received Frost Brand from Mars. On T:78309 you reached level 27 of The Dungeons of Doom. On T:79186 you advanced to experience level 18. On T:79647 you reached level 28 of The Dungeons of Doom. Score breakdown: Gold: 3653 (12119 points) Experience: 18 levels (22969 points) Exploration: 28 levels ( 53.85%) (21828 points) Discoveries: 144 items ( 48.81%) (20960 points) Valuables value: (no points given unless you survive) Artifact value: 17000 (14390 points) Variety of kills: 229 monsters ( 60.26%) (23288 points) Turncount: 79657 turns (-5444 points) Survival: died (score multiplied by 80%) Total score: 88088 Latest messages: You fall down the stairs. You hear a chugging sound. The black dragon breathes a disintegration blast! The blast of disintegration whizzes by you! The blast of disintegration bounces! The blast of disintegration whizzes by you! The blast of disintegration hits the black dragon! The black dragon is not disintegrated. You are now wielding your Stormbringer. e - the blessed burnt +4 Longbow of Diana (alternate weapon; not wielded). You hit the black dragon! The black dragon bites! The black dragon hits! (2x) You hit the black dragon! The black dragon bites! The black dragon hits! (2x) You hit the black dragon! The black dragon bites! The black dragon hits! (2x) The black dragon bites! The black dragon hits! (2x) You hit the black dragon! The black dragon bites! The black dragon hits! (2x) The black dragon bites! You die... Final status: Goodbye Croesus the Ranger, killed by a black dragon... You died in The Dungeons of Doom on dungeon level 27 with 88088 points, and 3653 pieces of gold, after 79657 moves. You were level 18 with a maximum of 169 hit points when you died.